AoeStats
← StaLker

Black Forest

507986816Analyzed
4v4 RM · 13d ago on Sep 20, 2026· 94m 46s· 8 players
Game mode
Random Map
Map size
Large (8 player)
Population
200
Speed
Normal
Resources
Standard
Victory
Conquest
Starting age
Dark Age
Ending age
Imperial Age
RankedLock teamsTeams togetherTeam positionsShared explorationLock speedFull tech treeHidden civsTurbo modeCheats
Victory
Defeat
🇹🇼 Huns · Taiwan
727
+16
🇵🇪 Celts · Peru
723
+16
🇨🇭 Sicilians · Switzerland
710
+17
🇨🇭 Magyars · Switzerland
660
+19
🇹🇷 Spanish · Türkiye
742
-18
🇹🇷 Turks · Türkiye
735
-17
🇹🇷 Italians · Türkiye
722
-17
🇹🇷 Britons · Türkiye
699
-16
StaLker
11:43 Feudal Age
12:25 Double-Bit Axe
18:32 Castle Age
20:59 Horse Collar
22:31 Bow Saw
23:33 Heavy Plow
33:48 Imperial Age
32:30 Treadmill Crane
33:15 Ballistics
33:08 Fortified Wall
34:00 Caravan
34:31 Coinage
34:29 Stone Mining
34:30 Gold Mining
36:44 Wheelbarrow
37:15 Banking
36:55 Guilds
38:39 Hand Cart
39:54 Two-Man Saw
39:33 Gold Shaft Mining
40:18 Bombard Tower
39:27 Elite Janissary
41:05 Fletching
41:26 Padded Archer Armor
43:06 Artillery
43:30 Sipahi
43:32 Conscription
43:17 Squires
43:15 Heavy Scorpion
45:22 Leather Archer Armor
45:02 Bodkin Arrow
56:02 Ring Archer Armor
55:33 Bracer
55:39 Scale Barding Armor
65:11 Chain Barding Armor
70:13 Siphons
73:10 Man-at-Arms
74:06 Forging
73:57 Scale Mail Armor
74:32 Plate Barding Armor
74:11 Bloodlines
75:06 Long Swordsman
89:16 Two-Handed Swordsman
90:16 Champion
Diax
11:22 Feudal Age
13:00 Double-Bit Axe
17:21 Wheelbarrow
16:49 Horse Collar
17:02 Stone Mining
21:55 Castle Age
20:10 Gold Mining
23:19 Bow Saw
23:28 Hand Cart
24:59 Caravan
29:44 Gold Shaft Mining
29:15 Heavy Plow
29:50 Treadmill Crane
30:18 Siphons
30:33 Ballistics
30:17 Padded Archer Armor
30:08 Fletching
34:46 Imperial Age
33:38 Fortified Wall
33:39 Masonry
33:20 Heated Shot
34:19 Yeomen
35:56 Sappers
38:10 Two-Man Saw
37:30 Leather Archer Armor
37:11 Bodkin Arrow
37:17 Scale Mail Armor
38:20 Chemistry
37:06 Arrowslits
37:43 Pikeman
38:25 Squires
38:11 Arson
40:02 Architecture
39:51 Chain Mail Armor
41:07 Conscription
40:25 Elite Longbowman
42:13 Hoardings
43:17 Bracer
43:49 Plate Mail Armor
45:49 Ring Archer Armor
45:28 Siege Engineers
44:53 Halberdier
73:15 Warwolf
73:31 Scale Barding Armor
73:37 Forging
73:26 Murder Holes
ArmoniACx
14:20 Feudal Age
15:05 Double-Bit Axe
17:07 Loom
23:09 Castle Age
21:09 Gold Mining
21:08 Horse Collar
22:25 Fletching
23:06 Stone Mining
27:58 Stone Shaft Mining
27:32 Heavy Plow
28:27 Caravan
31:00 Squires
30:46 Arson
32:04 Bow Saw
32:33 Forging
32:28 Scale Barding Armor
32:24 Padded Archer Armor
31:53 Pikeman
32:59 Fortified Wall
33:56 Scale Mail Armor
42:00 Imperial Age
40:49 Wheelbarrow
41:17 Iron Casting
41:02 Chain Barding Armor
40:58 Leather Archer Armor
40:38 Bodkin Arrow
41:51 Masonry
41:36 Murder Holes
42:03 Ballistics
42:06 Guard Tower
43:49 Two-Man Saw
42:42 Town Watch
43:34 Architecture
44:38 Conscription
45:05 Hand Cart
44:49 Elite Conquistador
46:53 Hoardings
46:37 Thumb Ring
46:34 Arrowslits
48:16 Blast Furnace
47:31 Chain Mail Armor
47:18 Bracer
47:48 Ring Archer Armor
49:05 Ring Archer Armor
48:58 Town Patrol
48:26 Halberdier
50:31 Plate Mail Armor
50:37 Plate Barding Armor
50:50 Loom
50:36 Onager
67:44 Bloodlines
67:34 Husbandry
85:22 Chemistry
84:50 Cavalier
86:59 Keep
Symphony
10:29 Feudal Age
10:51 Horse Collar
11:03 Double-Bit Axe
20:45 Castle Age
20:34 Stone Mining
20:34 Gold Mining
22:10 Bow Saw
23:07 Heavy Plow
23:55 Caravan
25:34 Stone Shaft Mining
28:07 Fletching
28:18 Padded Archer Armor
29:08 Wheelbarrow
31:44 Hand Cart
32:23 Coinage
32:39 Ballistics
32:40 Leather Archer Armor
32:21 Bodkin Arrow
37:24 Imperial Age
36:24 Thumb Ring
35:50 Crossbowman
35:52 Elite Skirmisher
37:32 Town Watch
37:37 Loom
38:11 Masonry
39:13 Two-Man Saw
38:49 Crop Rotation
39:14 Banking
38:57 Guilds
38:57 Bracer
39:28 Ring Archer Armor
40:06 Chemistry
39:38 Architecture
43:05 Town Patrol
42:58 Arbalester
44:03 Conscription
43:04 Elite Genoese Crossbowman
44:56 Hoardings
madnessss86
0:29 Loom
19:08 Feudal Age
21:04 Horse Collar
22:16 Double-Bit Axe
25:31 Castle Age
25:20 Scale Barding Armor
25:26 Forging
25:25 Gold Mining
25:44 Stone Mining
26:29 Caravan
31:55 Wheelbarrow
31:44 Heavy Plow
36:50 Imperial Age
35:53 Gold Shaft Mining
35:55 Stone Shaft Mining
35:15 Fletching
35:26 Padded Archer Armor
36:03 Masonry
38:09 Hand Cart
37:41 Town Watch
39:09 Chemistry
38:01 Heated Shot
39:51 Bow Saw
40:27 Gambesons
40:43 Squires
40:05 Man-at-Arms
41:06 Elite Skirmisher
42:48 Elite Serjeant
43:49 Conscription
43:51 First Crusade
43:37 Hauberk
43:03 Crossbowman
43:43 Bodkin Arrow
44:04 Leather Archer Armor
43:50 Scale Mail Armor
44:26 Iron Casting
44:11 Chain Barding Armor
45:10 Murder Holes
45:34 Pikeman
45:41 Arbalester
47:26 Crop Rotation
50:22 Blast Furnace
49:38 Chain Mail Armor
49:24 Bracer
50:00 Plate Barding Armor
54:24 Plate Mail Armor
57:13 Coinage
82:32 Banking
MiguelAngel
0:33 Loom
14:09 Feudal Age
20:29 Castle Age
18:33 Gold Mining
18:47 Stone Mining
19:54 Double-Bit Axe
21:38 Horse Collar
28:01 Imperial Age
26:36 Bow Saw
27:31 Gold Shaft Mining
27:36 Stone Shaft Mining
29:35 Wheelbarrow
29:06 Heavy Plow
30:16 Caravan
32:11 Hand Cart
33:54 Conscription
35:29 Town Watch
36:38 Town Patrol
36:12 Elite Woad Raider
36:16 Pikeman
36:42 Arson
40:45 Furor Celtica
40:26 Stronghold
41:14 Hoardings
40:03 Heavy Scorpion
40:05 Capped Ram
41:03 Scale Mail Armor
41:13 Forging
41:09 Scale Barding Armor
42:11 Cavalier
42:52 Husbandry
43:50 Halberdier
44:16 Gambesons
46:19 Chemistry
45:41 Ballistics
45:16 Murder Holes
45:20 Paladin
45:59 Siege Ram
46:45 Onager
48:10 Iron Casting
47:51 Chain Mail Armor
47:57 Chain Barding Armor
48:31 Siege Onager
50:17 Plate Mail Armor
50:49 Blast Furnace
51:07 Siege Engineers
54:17 Fletching
54:28 Padded Archer Armor
54:41 Fortified Wall
54:42 Masonry
54:14 Treadmill Crane
68:42 Leather Archer Armor
68:23 Bodkin Arrow
Dyhvi
15:47 Feudal Age
16:30 Horse Collar
16:37 Double-Bit Axe
23:30 Castle Age
24:02 Stone Mining
24:39 Gold Mining
25:01 Bow Saw
24:48 Light Cavalry
27:15 Heavy Plow
27:54 Gold Shaft Mining
30:32 Wheelbarrow
35:39 Imperial Age
33:59 Bloodlines
33:59 Scale Mail Armor
34:04 Scale Barding Armor
34:09 Forging
35:29 Hand Cart
35:46 Masonry
35:42 Marauders
35:53 Caravan
37:14 Town Watch
37:14 Loom
38:06 Town Patrol
38:33 Husbandry
40:06 Conscription
39:07 Elite Tarkan
40:18 Atheism
40:29 Atheism
40:14 Capped Ram
40:27 Sappers
42:16 Hussar
42:59 Squires
42:44 Arson
43:38 Iron Casting
43:19 Chain Mail Armor
43:05 Padded Archer Armor
42:56 Fletching
43:26 Chain Barding Armor
42:52 Cavalier
43:10 Elite Tarkan
44:22 Thumb Ring
43:47 Pikeman
43:51 Man-at-Arms
45:33 Murder Holes
46:00 Ballistics
46:40 Chemistry
46:46 Paladin
58:33 Guilds
63:56 Parthian Tactics
69:31 Blast Furnace
68:47 Leather Archer Armor
69:11 Plate Barding Armor
MuchJaguar3116
0:29 Loom
13:58 Feudal Age
15:10 Double-Bit Axe
17:29 Stone Mining
17:48 Horse Collar
20:57 Castle Age
19:56 Gold Mining
22:47 Fervor
22:50 Heavy Plow
23:03 Bow Saw
23:12 Scale Barding Armor
23:09 Scale Mail Armor
23:09 Padded Archer Armor
23:00 Fletching
27:49 Caravan
27:35 Treadmill Crane
30:37 Wheelbarrow
33:58 Imperial Age
32:06 Hand Cart
32:40 Gold Shaft Mining
33:09 Murder Holes
33:36 Ballistics
33:07 Heated Shot
33:28 Masonry
33:11 Pikeman
33:36 Arson
34:07 Corvinian Army
36:11 Chemistry
35:34 Chain Barding Armor
35:29 Chain Mail Armor
35:29 Leather Archer Armor
35:11 Bodkin Arrow
36:07 Crop Rotation
36:42 Two-Man Saw
35:18 Crossbowman
36:04 Thumb Ring
35:20 Elite Skirmisher
35:23 Halberdier
36:39 Bloodlines
36:30 Husbandry
36:40 Arbalester
37:47 Parthian Tactics
36:47 Light Cavalry
38:06 Hoardings
37:02 Sappers
37:53 Conscription
38:46 Plate Barding Armor
38:46 Ring Archer Armor
38:44 Elite Magyar Huszar
38:56 Sappers
40:49 Recurve Bow
42:00 Bracer
42:23 Siege Engineers
46:09 Cavalier
49:54 Heavy Scorpion
55:36 Coinage
67:00 Capped Ram
82:25 Banking
Connection lost

Rejoining the realm…

Still unreachable

The connection could not be restored.

Session expired

The server has moved on; the page needs a fresh start.